 Dungeon Crawl Stone Soup version 0.31.0-12-g77e489cdc1 (webtiles) character file.

Game seed: 4319067262158394391

2037 jagang the Slasher (level 9, -3/71 (72) HPs)
             Began as a Human Monk on Feb 15, 2024.
             Was a Believer of the Shining One.
             Slain by a gnoll
             ... wielding a +1 halberd of electrocution
              (15 damage)
             ... in a bailey.
             The game lasted 00:15:59 (5894 turns).

jagang the Slasher (Human Monk)                     Turns: 5894, Time: 00:16:03

HP:   -3/71 (72)    AC: 20    Str: 12    XL:     9   Next: 24%
MP:   9/11          EV:  9    Int: 10    God:    the Shining One [**....]
Gold: 518           SH:  7    Dex: 20    Spells: 8/8 levels left

rFire   . . .        x - +3 scimitar
rCold   . . .        (no shield)
rNeg    + . .        p - +0 plate armour
rPois   .            C - +2 helmet
rElec   .            (no cloak)
rCorr   .            o - +0 pair of gloves
SInv    .            (no boots)
Will    .....        a - amulet of regeneration Stlth
                     l - +4 ring of protection
HPRegen 1.11/turn    r - +5 ring of evasion
MPRegen 0.12/turn

%: no passive effects
@: divinely shielded, glowing, lightly drained
A: explore regen
a: Renounce Religion, Divine Shield


You were in a bailey.
You worshipped the Shining One.
The Shining One was pleased with you.
You visited 2 branches of the dungeon, and saw 8 of its levels.
You also visited: Bailey.

You collected 518 gold pieces.

Inventory:

Hand Weapons
 x - a +3 scimitar (weapon)
Missiles
 s - a boomerang
 t - 7 poisoned darts (quivered)
Armour
 d - a +0 ring mail of poison resistance
 o - a +0 pair of gloves (worn)
 p - a +0 plate armour (worn)
 C - a +2 helmet (worn)
Jewellery
 a - an amulet of regeneration (around neck)
 l - a +4 ring of protection (left hand)
 r - a +5 ring of evasion (right hand)
 A - a ring of protection from fire
Scrolls
 f - a scroll of amnesia
 h - a scroll of noise {unknown}
 i - 2 scrolls of vulnerability {unknown}
 j - 2 scrolls of revelation
 m - a scroll of fog {unknown}
 q - a scroll of immolation {unknown}
 u - a scroll of torment {unknown}
 v - 3 scrolls of blinking {unknown}
 w - a scroll of teleportation {unknown}
 y - 3 scrolls of enchant armour {unknown}
Potions
 b - a potion of berserk rage {unknown}
 c - 2 potions of ambrosia
 e - 5 potions of curing {unknown}
 g - 5 potions of heal wounds {unknown}
 k - 2 potions of magic {unknown}
 n - 4 potions of resistance {unknown}
 z - a potion of attraction {unknown}
 B - 3 potions of mutation {unknown}
 D - a potion of haste {unknown}
 E - a potion of might {unknown}


   Skills:
 * Level 7.1 Fighting
 * Level 7.2 Long Blades
 - Level 4.0 Throwing
 + Level 4.3 Armour
 - Level 3.0 Dodging
 + Level 2.6 Shields
 + Level 2.8 Invocations


You had 8 spell levels left.
You didn't know any spells.
Your spell library was empty.

Dungeon Overview and Level Annotations

Branches:
Dungeon (7/15)             Temple (1/1) D:6          Bailey (1/1)

Altars:
Ashenzari
Cheibriados
Dithmenos
Elyvilon
Fedhas
Gozag
Hepliaklqana
Kikubaaqudgha
Makhleb
Nemelex Xobeh
Okawaru
Qazlal
Ru
Sif Muna
Trog
Uskayaw
Vehumet
Wu Jian
Xom
Yredelemnul
Zin
The Shining One

Shops:
D:5 [


Innate Abilities, Weirdness & Mutations

You regain HP and MP as you explore.


Message History

The orc knight hits you but does no damage.
The gnoll barely misses you.
There is an open door here.
You slash the orc knight!
The orc knight is lightly wounded.
The orc knight closely misses you. The gnoll closely misses you.
You barely miss the orc knight.
The orc knight is moderately wounded.
The orc knight hits you with a +0 halberd!
The gnoll hits you but does no damage.
You barely miss the orc knight.
The orc knight is moderately wounded.
The orc knight hits you with a +0 halberd.
You block the gnoll's attack.
You slash the orc knight!
The orc knight is heavily wounded.
The orc knight hits you with a +0 halberd.
The gnoll closely misses you.
You completely miss the orc knight.
The orc knight is heavily wounded.
The orc knight roars a battlecry!
The gnoll hits you from afar with a +1 halberd of electrocution.
You hear a shout! x2
You slash the orc knight!
The orc knight is severely wounded.
You block the orc knight's attack.
The gnoll hits you from afar with a +1 halberd of electrocution.
You barely miss the orc knight.
The orc knight is severely wounded.
The orc knight looks more healthy.
The orc knight hits you with a +0 halberd.
The gnoll hits you from afar with a +1 halberd of electrocution.
You are electrocuted!!
You hit the orc knight.
The orc knight is severely wounded.
The orc knight hits you with a +0 halberd!
* * * LOW HITPOINT WARNING * * *
An orc comes into view. It is wielding a +0 halberd.
The gnoll hits you but does no damage.
You are electrocuted!
You die...

#)###.#
#.#g#
##'##'##'#
#+ '##+
##))...#
!.!#
###.....###
!.!.#
#)'..⌠..'.#
.⌠.!+
###.....###
.o.!
##.....##


#gg ##'##'##'###g# #)###)###.@o# ### ### ##### You could see an orc knight, 3
gnolls and an orc.

Vanquished Creatures
  Grinder (D:3)
  A steam dragon (D:7)
  A black bear (D:5)
  A sky beast (D:6)
  An ogre (D:6)
  2 phantoms
  4 scorpions
  A bullfrog (D:6)
  4 wights (D:6)
  A bombardier beetle (D:4)
  5 jellies
  2 orc priests
  5 hounds
  3 iguanas
  3 orc wizards
  10 gnolls
  2 adders
  2 white imps
  A dart slug (D:4)
  2 ribbon worms
  34 orcs
  3 endoplasms
  3 giant cockroaches
  12 goblins
  3 hobgoblins
  2 quokkas
  10 ball pythons
  5 bats
  7 frilled lizards
  6 kobolds
  2 rats (D:3)
139 creatures vanquished.

Notes
Turn   | Place    | Note
-------+----------+-------------------------------------------
     0 | D:1      | jagang the Human Monk began the quest for the Orb.
     0 | D:1      | Reached XP level 1. HP: 18/18 MP: 1/1
   317 | D:1      | Reached XP level 2. HP: 23/24 MP: 2/2
   677 | D:1      | Found a faded altar of an unknown god.
  1684 | D:3      | Reached XP level 3. HP: 29/29 MP: 3/3
  1736 | D:3      | Reached skill level 1 in Armour
  1833 | D:3      | Noticed Grinder
  1851 | D:3      | Killed Grinder
  1852 | D:3      | Reached skill level 1 in Throwing
  1852 | D:3      | Reached XP level 4. HP: 9/38 MP: 4/4
  1852 | D:3      | Reached XP level 5. HP: 11/43 MP: 5/5
  2014 | D:3      | Reached XP level 6. HP: 49/49 MP: 6/6
  2854 | D:4      | Reached skill level 5 in Long Blades
  2866 | D:4      | Reached skill level 5 in Fighting
  2894 | D:4      | Reached XP level 7. HP: 45/56 MP: 7/7
  3518 | D:5      | Entered Level 5 of the Dungeon
  3532 | D:5      | Found Metauricw's Antique Armour Shoppe.
  3970 | D:5      | Reached XP level 8. HP: 56/64 MP: 8/8
  3976 | D:5      | Reached skill level 1 in Invocations
  4037 | D:5      | Reached skill level 1 in Shields
  4156 | D:5      | Found an opulent altar of Gozag.
  4449 | D:5      | Found a hazy altar of Hepliaklqana.
  4762 | D:6      | Found a staircase to the Ecumenical Temple.
  4804 | Temple   | Entered the Ecumenical Temple
  4843 | Temple   | Became a worshipper of the Shining One
  4843 | Temple   | Reached * piety under the Shining One
  4843 | Temple   | Reached ** piety under the Shining One
  5169 | D:6      | Reached XP level 9. HP: 71/71 MP: 10/10
  5620 | D:7      | Found a flagged portal.
  5642 | Bailey   | Entered a bailey
  5880 | Bailey   | Noticed an orc knight
  5894 | Bailey   | Slain by a gnoll

Illustrated notes

Levels and vault maps discovered:
D:1:      lightli_arrival_farm, layout_basic,
          hellmonk_ecumenical_altar_crossroads, minmay_misc_feat_x
D:2:      layout_rooms, kennysheep_nondescript
D:3:      layout_loops_cross, uniq_grinder
D:4:      layout_loops_ring, kennysheep_generic_room_2
D:5:      layout_basic, mainiacjoe_overflow_alcove_2,
          nicolae_gozag_cash_rules_everything_around_me, serial_shops,
          nicolae_shop_advertising_works [nicolae_subvault_shop_adworks],
          minmay_stone_trees_small
D:6:      layout_basic, temple_pool_b
D:7:      layout_rooms, hellmonk_ghost_happy_afterlife, enter_bailey_3,
          minmay_the_grid_2x2 [minmay_the_grid_dragon_a,
          minmay_the_grid_tiny_cups, minmay_the_grid_garden,
          minmay_the_grid_prize_trominoes], uniq_pikel, uniq_joseph
Temple:   mainiacjoe_temple_big_plus
Bailey:   bailey_polearm_nasty_gnolls, bailey

Skill      XL: |  1  2  3  4  5  6  7  8  9 |
---------------+----------------------------+-----
Armour         | 2 3 4 |  4.3
Fighting       | 4 5 6 7 |  7.1
Long Blades    | 4 5 6 7 |  7.2
Throwing       | 1 2 3 4 |  4.0
Invocations    | 2 |  2.8
Shields        | 2 |  2.6
Dodging        | |  3.0

Action                     |  1- 3 |  4- 6 |  7- 9 || total
---------------------------+-------+-------+-------++-------
  Melee: Falchion          |    61 |       |       ||    61
         Scimitar          |     7 |    84 |   208 ||   299
  Throw: Dart              |       |     1 |     7 ||     8
         Boomerang         |       |       |    24 ||    24
 Invoke: Divine Shield     |       |       |     1 ||     1
    Use: Scroll            |       |     5 |     2 ||     7
 Armour: Ring mail         |    18 |       |       ||    18
         Plate armour      |    33 |    62 |   155 ||   250
  Dodge: Dodged            |    27 |    31 |   114 ||   172
  Block: Other             |       |       |     2 ||     2
